 Dungeon Crawl Stone Soup version 0.31-a0-1091-g283494c966 (webtiles) character file.

Game seed: 12595060789261684477

349758 night the Warrior (level 20, 0/195 HPs)
             Began as a Demigod Hunter on Nov 28, 2023.
             Killed from afar by an ice dragon (29 damage)
             ... with a blast of cold
             ... on level 1 of the Depths.
             The game lasted 02:16:16 (39160 turns).

night the Warrior (Demigod Hunter)                 Turns: 39160, Time: 02:16:17

Health: 0/195      AC: 18    Str: 12    XL:     20   Next: 40%
Magic:  0/24       EV: 40    Int: 19    God:
Gold:   2686       SH:  8    Dex: 41    Spells: 9/19 levels left

rFire   . . .        a - +5 longbow (heavy)
rCold   . . .        (shield currently unavailable)
rNeg    . . .        o - +3 leather armour of the Prince of Darkness {+Blink rCorr Dex+4}
rPois   .            S - +1 helmet
rElec   .            n - +2 cloak {Will+}
rCorr   +            (no gloves)
SInv    .            Y - +2 pair of boots {Stlth+}
Will    +++..        H - brooch of Shielding {Spirit SH+8}
Stlth   +++++        I - +6 ring of intelligence
HPRegen 0.52/turn    M - +4 ring of protection
MPRegen 0.19/turn

%: guardian spirit
@: lethally poisoned (0 -> -1), marked, animating dead, studying Long Blades
A: high MP 1, forlorn, divine attributes, dopey 1
}: 2/15 runes: barnacled, gossamer
a: Evoke Blink


You were on level 1 of the Depths.
You visited 8 branches of the dungeon, and saw 36 of its levels.
You visited 1 bazaar.
You also visited: Sewer, Gauntlet and Ice Cave.

You collected 4070 gold pieces.
You spent 1384 gold pieces at shops.

Inventory:

Hand Weapons
 a - a +5 heavy longbow (weapon)
 F - a +2 longbow of electrocution
Missiles
 l - 11 throwing nets
 v - 4 curare-tipped darts
 N - 3 darts of dispersal
Armour
 n - a +2 cloak of willpower (worn)
 o - the +3 leather armour of the Prince of Darkness (worn) {+Blink rCorr Dex+4}
   (You found it on level 2 of the Dungeon)

   Dex+4:     It affects your dexterity (+4).
   +Blink:    It lets you blink.
   rCorr:     It protects you from acid and corrosion.
 u - the +8 fire dragon scales of Spring {rF++ rC- Int+5}
   (You took it off a minotaur in a Gauntlet)

   Int+5:     It affects your intelligence (+5).
   rF++:      It greatly protects you from fire.
   rC-:       It makes you vulnerable to cold.
 S - a +1 helmet (worn)
 Y - a +2 pair of boots of stealth (worn)
Magical Staves
 b - the staff "Naen" {rN+ Int+4 Stlth+ Necro}
   (You acquired it on level 1 of the Vaults)

   [staff of death]

   Base accuracy: +5 Base damage: 5 Base attack delay: 1.2 This weapon's minimum
   attack delay (0.6) is reached at skill level 12.
   Int+4:     It affects your intelligence (+4).
   rN+:       It protects you from negative energy.
   Stlth+:    It makes you more stealthy.
   Necro:     It increases the power of your Necromancy spells.
   It falls into the 'Staves' category.
   It is a one-handed weapon.
Jewellery
 d - a ring of see invisible
 e - a +6 ring of dexterity
 j - a ring of poison resistance
 m - a +4 ring of slaying
 r - a ring of resist corrosion
 E - a ring of protection from cold
 G - an amulet of reflection
 H - the brooch of Shielding (around neck) {Spirit SH+8}
   (You found it on level 5 of the Lair of Beasts)

   [amulet of guardian spirit]

   Spirit:    It causes incoming damage to be divided between your reserves of
   health and magic.
   SH+8:      It affects your SH (+8).
 I - a +6 ring of intelligence (left hand)
 M - a +4 ring of protection (right hand)
 P - a ring of protection from fire
 Q - a ring of willpower
 W - a ring of flight
Wands
 p - a wand of roots (7)
 t - a wand of flame (64)
 K - a wand of charming (61)
 L - a wand of polymorph (23)
 V - a wand of mindburst (27)
 Z - a wand of digging (17)
Scrolls
 g - 7 scrolls of blinking
 h - 4 scrolls of silence
 i - 12 scrolls of teleportation
 y - 6 scrolls of poison
 B - 4 scrolls of fog
 C - 6 scrolls of fear
 D - a scroll of immolation
 O - a scroll of butterflies
Potions
 c - 4 potions of resistance
 f - 4 potions of enlightenment
 k - 13 potions of curing
 q - 2 potions of attraction
 s - 3 potions of lignification
 x - 11 potions of heal wounds
 z - 4 potions of cancellation
 A - 4 potions of invisibility
 R - 4 potions of brilliance
 T - 4 potions of berserk rage
 U - a potion of haste
 X - 5 potions of ambrosia
Miscellaneous
 w - a condenser vane
 J - a phial of floods


   Skills:
 + Level 20.9 Fighting
 - Level 20.0 Ranged Weapons
 + Level 19.1 Dodging
 - Level 4.2 Stealth
 + Level 14.4 Necromancy
 - Level 10.0 Evocations


You had 9 spell levels left.
You knew the following spells:

 Your Spells              Type           Power      Damage    Failure   Level
a - Animate Dead          Necr           53%        N/A       1%          4
b - Death Channel         Necr           26%        N/A       11%         6

Your spell library contained the following spells:

 Spells                   Type           Power      Damage    Failure   Level
 Dispel Undead            Necr           53%        3d19      1%          4
 Cigotuvi's Dreadful Rot  Necr/Pois/Air  36%        N/A       5%          2
 Magic Dart               Conj           0%         1d3       26%         1
 Sandblast                Erth           0%         2d4       26%         1
 Summon Small Mammal      Summ           0%         N/A       26%         1
 Blink                    Tloc           0%         N/A       36%         2
 Call Imp                 Summ           0%         N/A       36%         2
 Ensorcelled Hibernation  Hex/Ice        0%         N/A       36%         2
 Lesser Beckoning         Tloc           0%         N/A       36%         2
 Momentum Strike          Conj/Tloc      0%         3d8       36%         2
 Passwall                 Tmut/Erth      0%         N/A       36%         2
 Searing Ray              Conj           0%         2d4       36%         2
 Call Canine Familiar     Summ           0%         N/A       61%         3
 Gell's Gravitas          Tloc           0%         N/A       61%         3
 Mephitic Cloud           Conj/Pois/Air  0%         N/A       61%         3
 Ozocubu's Armour         Ice            0%         N/A       61%         3
 Sigil of Binding         Hex            0%         N/A       61%         3
 Stone Arrow              Conj/Erth      0%         3d7       61%         3
 Summon Guardian Golem    Hex/Summ       0%         N/A       61%         3
 Swiftness                Air            0%         N/A       61%         3
 Teleport Other           Tloc           0%         N/A       61%         3
 Tukima's Dance           Hex            0%         N/A       61%         3
 Simulacrum               Ice/Necr       13%        N/A       91%         6
 Animate Armour           Summ/Erth      0%         N/A       95%         4
 Brom's Barrelling Bould  Conj/Erth      0%         2d3       95%         4
 Dimensional Bullseye     Hex/Tloc       0%         N/A       95%         4
 Fulminant Prism          Conj/Hex       0%         3d5       95%         4
 Leda's Liquefaction      Hex/Erth       0%         N/A       95%         4
 Passage of Golubria      Tloc           0%         N/A       95%         4
 Summon Ice Beast         Ice/Summ       0%         N/A       95%         4
 Summon Lightning Spire   Summ/Air       0%         N/A       95%         4
 Infestation              Necr           26%        N/A       99%         8
 Iskenderun's Battlesphe  Conj           0%         2d6       100%        5
 Summon Mana Viper        Hex/Summ       0%         N/A       100%        5
 Yara's Violent Unravell  Hex/Tmut       0%         3d3       100%        5
 Bombard                  Conj/Erth      0%         9d1       100%        6
 Dispersal                Tloc           0%         N/A       100%        6
 Haunt                    Necr/Summ      13%        N/A       100%        7
 Monstrous Menagerie      Summ           0%         N/A       100%        7
 Ozocubu's Refrigeration  Ice            0%         4d7       100%        7
 Spellforged Servitor     Conj/Summ      0%         N/A       100%        7
 Fire Storm               Conj/Fire      0%         5d1       100%        9
 Polar Vortex             Ice            0%         N/A       100%        9


Dungeon Overview and Level Annotations

Branches:
Dungeon (15/15)            Temple (1/1) D:7            Lair (5/5) D:10
 Shoals (4/4) Lair:3       Spider (4/4) Lair:2        Slime (0/5) Lair:5
    Orc (2/2) D:10            Elf (0/3) Orc:2        Vaults (4/5) D:14
  Crypt (0/3) Vaults:2     Depths (1/4) D:15          Sewer (visited)
  IceCv (visited)         Gauntlet (visited)

Shops:
D:4 ?[*?   D:8 [(   Orc:2 ([*:   Shoals:3 ?   Vaults:1 (((   Vaults:3 (

Portals:
Abyss: Lair:5
Trove: D:12 (give +2 shadow dragon scales)

Annotations:
D:6 1 runed translucent door, Flugslaktarn's ghost, novice OpSh
Lair:5 1 runed translucent door
Vaults:1 2 transporters, Fieg's ghost, veteran HuWn; Lafiguk's ghost, adept OgCA; Takeo's ghost, adept DEIE


Innate Abilities, Weirdness & Mutations

You have an increased reservoir of magic. (+10% MP)
You shall have no god before yourself.
Your divine heritage dramatically boosts your attributes as you level up.
You are dopey. (Int -2)


Message History

You feel very sick.
The merfolk impaler completely misses you.
The ice dragon closely misses you. You block the ice dragon's attack.
The ice dragon tramples you.
* * * LOW HITPOINT WARNING * * *
You stumble backwards!
The merfolk impaler hits your necromancer zombie with a +8 trident of venom!!
You shoot an arrow. The arrow hits the ice dragon!!!
The ice dragon is severely wounded.
You are engulfed in freezing vapours.
You feel sick.
The merfolk impaler hits your necromancer zombie with a +8 trident of venom!!
Your hell knight zombie closely misses the merfolk impaler.
The ice dragon breathes frost at you. The blast of cold misses you.
Your necromancer zombie closely misses the ice dragon.
The merfolk impaler hits your necromancer zombie with a +8 trident of venom!!
You feel much better.
You are engulfed in freezing vapours.
* * * LOW HITPOINT WARNING * * *
You feel sick.
The merfolk impaler hits your necromancer zombie with a +8 trident of venom!
The ice dragon completely misses you. The ice dragon closely misses you.
You block the ice dragon's attack.
Your hell knight zombie hits the merfolk impaler.
The merfolk impaler hits your necromancer zombie with a +8 trident of venom!!
Your necromancer zombie is destroyed!
You shoot an arrow. The arrow hits the ice dragon!!
The ice dragon is almost dead.
You are engulfed in freezing vapours.
* * * LOW HITPOINT WARNING * * *
You feel sick.
The merfolk impaler's soul is no longer bound.
The ice dragon bites you.
* * * LOW HITPOINT WARNING * * *
The ice dragon closely misses you. The ice dragon completely misses you.
You shoot an arrow. The arrow hits the ice dragon.
The ice dragon is almost dead.
You feel sick. The ice dragon breathes frost at you.
The blast of cold hits you!!
You die...

#######
##########.....######
#...................###
#@####.........####.##.
#D# #####'##### #..#.
##m# #.# #.... #.Z##
#.# ##.... # #...# #.#
#..... ##.#...# #.#
#..... ##......# #+#
#..... ......)..#
#..... .).......#
#.....


You could see an ice dragon (soul bound, catching breath), a merfolk impaler
(ally target) and a friendly hell knight zombie.

Vanquished Creatures
  Xtahua (Vaults:2)
  A bone dragon (Vaults:2)
  Arachne (Spider:2)
  Mlioglotl (Spider:2)
  3 titans
  The ghost of Wiath the Deadly Accurate, an adept DrBr of Ashenzari (Vaults:2)
  A sphinx (Vaults:2)
  2 krakens
  Frances (D:14)
  Gastronok (Lair:2)
  Polyphemus (Shoals:2)
  Kirke (Shoals:1)
  A tengu reaver (Vaults:2)
  A storm dragon (Vaults:2)
  Aizul (Shoals:1)
  The ghost of Qunibeji the Executioner, an adept HOFi of Hepliaklqana (Shoals:3)
  Ilsuiw (Shoals:3)
  3 emperor scorpions
  8 vault wardens
  Louise (D:15)
  5 ghost moths
  4 orc warlords
  A very ugly thing (Vaults:1)
  2 stone giants (Depths:1)
  2 war gargoyles (Vaults:3)
  12 ironbound preservers
  3 formless jellyfish
  An ironbound thunderhulk (Vaults:1)
  4 dire elephants (Vaults:1)
  A minotaur (Gauntlet)
  Snorg (D:10)
  A crystal guardian (Vaults:3)
  4 spark wasps
  8 ettins
  2 blizzard demons (IceCv)
  7 merfolk impalers
  4 merfolk javelineers
  12 yaktaur captains
  Josephine (D:10)
  A fire dragon (Depths:1)
  5 entropy weavers
  7 hydras
  6 great orbs of eyes
  3 peacekeepers (Vaults:3)
  An anaconda (shapeshifter) (Vaults:1)
  2 ogre magi
  12 boulder beetles
  2 ice dragons (Depths:1)
  Harold (Lair:2)
  9 jorogumos
  2 spriggan air magi (Depths:1)
  5 merfolk avatars
  A caustic shrike simulacrum (IceCv)
  3 merfolk aquamancers
  A catoblepas (Shoals:2)
  4 radroaches
  3 centaur warriors
  9 ironbound frosthearts
  2 death knights
  17 two-headed ogres
  4 satyrs
  11 death yaks
  2 alligator snapping turtles
  2 tengu warriors
  A hell hog (Gauntlet)
  10 demonic crawlers
  3 thrashing horrors (Lair:5)
  6 hell knights (Depths:1)
  3 orc high priests (Orc:2)
  Sonja (D:10)
  Urug (D:11)
  6 skysharks
  49 deep trolls
  2 pharaoh ants
  12 sea snakes
  4 large abominations (Lair:5)
  A glowing orange brain (D:15)
  9 orb spiders
  7 skeletal warriors
  A bog body (IceCv)
  3 sun moths (Spider:4)
  8 ironbound convokers
  A swamp dragon (shapeshifter) (D:15)
  12 spriggan simulacra (IceCv)
  3 phantasmal warriors
  An obsidian statue (IceCv)
  9 lindwurms
  4 necromancers
  5 deep elf pyromancers
  8 steelbarb worms
  4 arcanists
  A tengu skeleton (Vaults:2)
  30 harpies
  10 orc knights
  5 orc sorcerers (Orc:2)
  13 wolf spiders
  15 fauns
  13 ugly things
  12 manticores
  An oklob plant (Lair:2)
  2 moths of wrath
  A salamander (shapeshifter) (Lair:5)
  9 cyclopes
  8 vault sentinels
  26 elephants
  4 black mambas
  9 merfolk sirens
  A guardian serpent (Lair:4)
  10 torpor snails
  9 water nymphs
  A smoke demon (Lair:5)
  15 cane toads
  2 unseen horrors
  A kobold demonologist (D:12)
  An efreet (D:15)
  9 komodo dragons
  4 rime drakes
  5 freezing wraiths
  An unseen horror (shapeshifter) (Lair:5)
  Maggie (Lair:2)
  3 anaconda simulacra (IceCv)
  36 yaktaurs
  2 tengu conjurers
  2 human skeletons (Vaults:2)
  A golden dragon simulacrum (IceCv)
  10 ice devils (IceCv)
  24 merfolk
  8 wind drakes
  A yaktaur skeleton (Vaults:2)
  11 trolls
  A polar bear (Lair:1)
  12 meliai
  3 hornets (Lair:4)
  3 alligator simulacra (IceCv)
  25 tarantellas
  9 dream sheep
  Grinder (D:3)
  34 slime creatures
  28 blink frogs
  A raiju (Lair:5)
  A human simulacrum (Vaults:1)
  32 jumping spiders
  11 snapping turtles
  A ynoxinul (Lair:5)
  2 centaur simulacra (Gauntlet)
  14 spriggans
  3 wyverns
  11 water elementals
  12 culicivoras
  4 fire bats (Gauntlet)
  2 shadows (D:11)
  A dire elephant simulacrum (IceCv)
  8 wraiths
  28 yaks
  9 basilisks
  3 hogs (Shoals:1)
  A basilisk (shapeshifter) (Lair:5)
  A steam dragon (D:8)
  42 redbacks
  2 chaos spawn (Lair:5)
  A harpy simulacrum (IceCv)
  6 minotaur simulacra (IceCv)
  11 vampire mosquitoes
  8 wargs (Orc:2)
  A swamp worm (D:8)
  An acid dragon (D:11)
  15 water moccasins
  3 black bears
  3 hell hounds (Gauntlet)
  An ice beast (Vaults:1)
  A meliai simulacrum (D:13)
  31 orc warriors
  7 boggarts
  7 ogres
  19 wolves
  6 centaurs
  A phantom (D:5)
  3 kobold brigands
  A human zombie (Vaults:2)
  10 bullfrogs
  5 gnoll sergeants
  6 scorpions
  5 deep troll simulacra (IceCv)
  A glowing shapeshifter simulacrum (Vaults:1)
  12 small abominations (Lair:5)
  7 wights
  7 killer bees
  A lindwurm simulacrum (IceCv)
  2 electric eels
  6 howler monkeys
  3 quasits
  A jelly (D:8)
  A wyvern simulacrum (Gauntlet)
  2 hounds
  13 orc priests
  3 iguanas
  6 gnoll boudas
  21 orc wizards
  24 gnolls
  8 adders
  9 shadow imps
  3 white imps
  8 ufetubi
  7 worms
  6 dart slugs
  56 orcs
  11 ball pythons
  A bat zombie (Sewer)
  13 endoplasms
  7 giant cockroaches
  8 goblins
  4 hobgoblins
  2 jackals (D:1)
  7 quokkas
  6 bats
  4 frilled lizards
  28 kobolds
  2 rats
  3 tentacles
1473 creatures vanquished.

Vanquished Creatures (collateral kills)
  3 ironbound preservers
  A war gargoyle (Vaults:3)
  An ironbound thunderhulk (Vaults:1)
  2 dire elephants (Vaults:1)
  An entropy weaver (Vaults:1)
  A sun moth (Spider:4)
  6 deep trolls
  A harpy (Vaults:4)
  An arcanist (Vaults:1)
  An orc knight (Vaults:3)
  2 orb spiders
  2 ironbound convokers (Vaults:1)
  A steelbarb worm (Spider:4)
  A moth of wrath (Spider:1)
  5 wolf spiders
  A vault sentinel (Vaults:1)
  6 yaktaurs
  5 tarantellas
  A hornet (D:8)
  7 culicivoras
  12 jumping spiders
  A water elemental (Depths:1)
  9 redbacks
  An orc warrior (D:8)
  A killer bee (D:9)
  An orc (D:8)
74 creatures vanquished.

Vanquished Creatures (others)
  A very ugly thing (Vaults:2)
  A spark wasp zombie (Spider:2)
  A wolf spider zombie (Spider:2)
  A dire elephant zombie (Vaults:1)
  8 human zombies
  An orc zombie (Vaults:4)
  A vault sentinel (Vaults:3)
  5 redback zombies
  An orb spider zombie (Spider:2)
  A komodo dragon (D:13)
  3 culicivora zombies (Spider:2)
  A boulder beetle zombie (Vaults:2)
  7 jumping spider zombies (Spider:2)
  5 deep troll zombies
  3 lindwurm zombies (Vaults:2)
  A boggart (D:15)
  A yaktaur zombie (Vaults:1)
  A butterfly (Depths:1)
  16 tentacles
59 creatures vanquished.

Grand Total: 1606 creatures vanquished

Notes
Turn   | Place    | Note
-------+----------+-------------------------------------------
     0 | D:1      | night the Demigod Hunter began the quest for the Orb.
     0 | D:1      | Reached XP level 1. HP: 17/17 MP: 3/3
    61 | D:1      | Reached skill level 2 in Fighting
    61 | D:1      | Reached skill level 2 in Dodging
    64 | D:1      | Reached XP level 2. HP: 20/24 MP: 4/4
   333 | D:1      | Reached XP level 3. HP: 29/29 MP: 5/5
   761 | D:2      | Identified the +3 leather armour of the Prince of Darkness
                  | {+Blink rCorr Dex+4}
   860 | D:2      | Identified the amulet of Cosaeg Ciane {RegenMP Rampage
                  | Will- rCorr Stlth+}
  1305 | D:3      | Noticed Grinder
  1313 | D:3      | Killed Grinder
  1314 | D:3      | Reached skill level 5 in Ranged Weapons
  1314 | D:3      | Reached XP level 4. HP: 15/38 MP: 6/6
  1314 | D:3      | Reached XP level 5. HP: 17/45 MP: 7/7
  1696 | D:3      | Found a glowing drain.
  1704 | Sewer    | Entered a sewer
  1790 | Sewer    | Reached XP level 6. HP: 51/51 MP: 8/8
  2658 | D:4      | Reached XP level 7. HP: 58/58 MP: 9/9
  2753 | D:4      | Found Bukkamuo's Magic Scroll Shoppe.
  2772 | D:4      | Identified the +1 robe of Tohomn {+Inv rN+}
  2773 | D:4      | Found Zodarph's General Store.
  2781 | D:4      | Bought a scroll of poison for 48 gold pieces
  2781 | D:4      | Bought a scroll of fog for 48 gold pieces
  2786 | D:4      | Bought a scroll of fear for 56 gold pieces
  2874 | D:4      | Found Galafful's Antique Armour Boutique.
  2971 | D:4      | Found Veik's Magic Scroll Boutique.
  3493 | D:5      | Entered Level 5 of the Dungeon
  3507 | D:5      | Reached skill level 1 in Evocations
  4299 | D:6      | Reached skill level 2 in Evocations
  4299 | D:6      | Reached XP level 8. HP: 67/67 MP: 10/10
  4424 | D:6      | Found a runed translucent door.
  4430 | D:6      | Noticed Flugslaktarn's ghost (novice OpSh)
  4622 | D:6      | Reached skill level 5 in Dodging
  4703 | D:7      | Reached skill level 5 in Fighting
  5280 | D:7      | Found a staircase to the Ecumenical Temple.
  5293 | Temple   | Entered the Ecumenical Temple
  6191 | D:8      | Found Jenkuc's Antique Weapon Shop.
  6350 | D:8      | Noticed a boulder beetle
  6494 | D:8      | Reached XP level 9. HP: 74/74 MP: 11/11
  6786 | D:8      | Noticed a centaur warrior
  6798 | D:8      | a centaur warrior changed into a swamp worm
  7040 | D:8      | Found Bukhuned's Antique Armour Emporium.
  7977 | D:9      | Reached skill level 5 in Evocations
  8003 | D:9      | Identified 2 scrolls of acquirement
  8004 | D:9      | Acquired a manual of Ranged Weapons
  8006 | D:9      | Acquired a +2 heavy longbow
  8022 | D:9      | Reached XP level 10. HP: 60/84 MP: 13/13
  8098 | D:9      | Reached skill level 10 in Ranged Weapons
  8115 | D:9      | Noticed a two-headed ogre
  8121 | D:9      | Killed a two-headed ogre
  8663 | D:10     | Entered Level 10 of the Dungeon
  8925 | D:10     | Noticed Josephine
  8931 | D:10     | Killed Josephine
  9067 | D:10     | Noticed Sonja
  9068 | D:10     | Killed Sonja
  9069 | D:10     | Reached skill level 12 in Ranged Weapons
  9431 | D:4      | Bought a scroll of acquirement for 624 gold pieces
  9431 | D:4      | Acquired a +2 pair of boots of stealth
  9611 | D:10     | Found a staircase to the Orcish Mines.
  9667 | D:10     | Reached XP level 11. HP: 92/92 MP: 14/14
  9694 | D:10     | Found a staircase to the Lair.
  9748 | D:10     | Identified the +1 quarterstaff of Subjectivity {protect,
                  | rC+ Str-4 Int+6}
  9811 | D:10     | Noticed Snorg
  9817 | D:10     | Killed Snorg
  9869 | D:10     | Found a runed translucent door.
  9869 | D:10     | Noticed a deep elf pyromancer
  9870 | D:10     | Killed a deep elf pyromancer
  9879 | D:10     | Noticed a boulder beetle
  9882 | D:10     | Killed a boulder beetle
  9893 | D:10     | Noticed a deep troll
  9893 | D:10     | Noticed a boulder beetle
  9899 | D:10     | Killed a deep troll
 10127 | D:10     | Killed a boulder beetle
 10270 | Lair:1   | Entered Level 1 of the Lair of Beasts
 10394 | Lair:1   | Reached skill level 14 in Ranged Weapons
 10502 | Lair:1   | You fall into a shaft and drop 1 floor!
 10513 | Lair:2   | Identified the +1 chain mail of Experimentation {rF+}
 10785 | Lair:2   | Noticed Gastronok
 10789 | Lair:2   | Killed Gastronok
 10815 | Lair:2   | Found a hole to the Spider Nest.
 10891 | Lair:2   | Noticed Maggie
 10905 | Lair:2   | Killed Maggie
 10906 | Lair:2   | Reached XP level 12. HP: 71/103 MP: 15/15
 11092 | Lair:2   | Noticed a seven-headed hydra
 11096 | Lair:2   | Killed a seven-headed hydra
 11136 | Lair:2   | Noticed Harold
 11139 | Lair:2   | Killed Harold
 11192 | Lair:2   | Noticed a boulder beetle
 11199 | Lair:2   | Killed a boulder beetle
 11895 | Lair:1   | Identified the serpent talisman of Wezxomakh {rC+ Str+2}
 11912 | Lair:1   | Noticed a boulder beetle
 11919 | Lair:1   | Killed a boulder beetle
 12501 | Lair:3   | Noticed a four-headed hydra
 12556 | Lair:3   | Reached skill level 16 in Ranged Weapons
 12641 | Lair:3   | Killed a four-headed hydra
 12916 | Lair:3   | Found a staircase to the Shoals.
 12946 | Lair:3   | Reached XP level 13. HP: 113/113 MP: 16/16
 13000 | Lair:3   | Reached skill level 10 in Dodging
 13126 | Lair:3   | Reached skill level 10 in Fighting
 14274 | Lair:4   | Noticed Nessos
 14281 | Lair:4   | Nessos changed into Nessos the guardian serpent
 14281 | Lair:4   | Noticed Nessos
 14287 | Lair:4   | Killed Nessos the guardian serpent
 15174 | Lair:5   | Entered Level 5 of the Lair of Beasts
 15270 | Lair:5   | Reached skill level 10 in Evocations
 15410 | Lair:5   | Reached XP level 14. HP: 122/122 MP: 17/17
 15440 | Lair:5   | Found a runed translucent door.
 15440 | Lair:5   | Noticed an azure jelly
 15441 | Lair:5   | Found a staircase to the Slime Pits.
 15441 | Lair:5   | Noticed an azure jelly
 16212 | Lair:5   | Reached skill level 18 in Ranged Weapons
 16349 | Lair:5   | Found the brooch of Shielding {Spirit SH+8}
 16350 | Lair:5   | Found a one-way gate to the infinite horrors of the Abyss.
 16738 | D:11     | Noticed Urug
 16742 | D:11     | Killed Urug
 17510 | D:12     | Found a portal to a secret trove of treasure.
 17527 | D:12     | Found a gate leading to a gauntlet.
 17542 | Gauntlet | Entered a Gauntlet
 17542 | Gauntlet | Found a transporter.
 17542 | Gauntlet | Found a transporter.
 17604 | Gauntlet | Found a transporter.
 17607 | Gauntlet | Found a transporter.
 17611 | Gauntlet | Found a runed translucent door.
 17611 | Gauntlet | Found a runed translucent door.
 17615 | Gauntlet | Found a transporter.
 17618 | Gauntlet | Found a transporter.
 17629 | Gauntlet | Found a transporter.
 17644 | Gauntlet | Found a transporter.
 17661 | Gauntlet | Found a transporter.
 17664 | Gauntlet | Found a transporter.
 17674 | Gauntlet | Found a transporter.
 17677 | Gauntlet | Found a transporter.
 17969 | Gauntlet | Identified the +5 short sword of the Hawk {heavy, Will++
                  | Int+3}
 17969 | Gauntlet | Identified the +8 fire dragon scales of Spring {rF++ rC-
                  | Int+5}
 17979 | Gauntlet | Identified the staff of Currency {Dex+4 Conj}
 18568 | D:13     | Reached skill level 12 in Dodging
 18687 | D:13     | Reached skill level 12 in Fighting
 18745 | D:13     | Reached XP level 15. HP: 132/132 MP: 18/18
 19211 | D:13     | Identified the +10 flail of the Unstoppable Coins
                  | {antimagic, *Corrode rPois rF+ Dex+6}
 19388 | D:14     | Noticed Frances
 19390 | D:14     | Killed Frances
 19511 | D:14     | Found a gate to the Vaults.
 19552 | D:14     | Found a flickering gateway to a bazaar.
 19579 | Bazaar   | Entered a bazaar
 19579 | Bazaar   | Found Derch's Assorted Antiques.
 19579 | Bazaar   | Found Qeipal's Assorted Antiques.
 19579 | Bazaar   | Found Nyjud's Book Shop.
 19581 | Bazaar   | Found Bihits's General Store.
 19581 | Bazaar   | Found Luw Ul Hunt's Book Shop.
 19624 | Bazaar   | Bought a wand of charming (3) for 158 gold pieces
 19635 | Bazaar   | Bought a book of Death for 396 gold pieces
 20122 | D:15     | Entered Level 15 of the Dungeon
 20385 | D:15     | Reached skill level 1 in Stealth
 20611 | D:15     | Reached skill level 2 in Stealth
 20877 | D:15     | Found a staircase to the Depths.
 21079 | D:15     | Noticed Louise
 21094 | D:15     | Killed Louise
 21329 | Orc:1    | Entered Level 1 of the Orcish Mines
 21562 | Orc:2    | Entered Level 2 of the Orcish Mines
 21562 | Orc:2    | Found Diti Louw's Antique Weapon Boutique.
 21651 | Orc:2    | Found Lyrivi's Book Shoppe.
 21867 | Orc:2    | Found Hyzuru's General Store.
 21868 | Orc:2    | Found a staircase to the Elven Halls.
 21887 | Orc:2    | Found Vafyr's Antique Armour Emporium.
 21911 | Orc:2    | Reached skill level 20 in Ranged Weapons
 22288 | Orc:2    | Reached skill level 14 in Fighting
 22624 | Orc:1    | You fall into a shaft and drop 1 floor!
 22803 | D:10     | Learned a level 4 spell: Animate Dead
 22884 | Shoals:1 | Entered Level 1 of the Shoals
 22897 | Shoals:1 | Reached skill level 1 in Necromancy
 22901 | Shoals:1 | Reached XP level 16. HP: 146/146 MP: 19/19
 23030 | Shoals:1 | Reached skill level 2 in Necromancy
 23263 | Shoals:1 | Noticed a kraken
 23287 | Shoals:1 | Killed a kraken
 23452 | Shoals:1 | Noticed Kirke
 23552 | Shoals:1 | Killed Kirke
 23606 | Shoals:1 | Identified the serpent talisman of the Okapi {rN++ Int-5}
 23606 | Shoals:1 | Noticed Aizul
 23617 | Shoals:1 | Killed Aizul
 23618 | Shoals:1 | Reached skill level 14 in Dodging
 23855 | Shoals:2 | Noticed Polyphemus
 23867 | Shoals:2 | Killed Polyphemus
 24014 | Shoals:2 | Reached skill level 5 in Necromancy
 24556 | Shoals:3 | Reached skill level 16 in Fighting
 24741 | Shoals:3 | Noticed Ilsuiw
 24745 | Shoals:3 | Killed Ilsuiw
 24894 | Shoals:3 | Found Xaotex's Magic Scroll Shoppe.
 24903 | Shoals:3 | Bought a scroll of teleportation for 54 gold pieces
 24941 | Shoals:3 | Found a large runed translucent door.
 24941 | Shoals:3 | Found a large runed translucent door.
 24945 | Shoals:3 | Noticed Qunibeji's ghost (adept HOFi)
 24986 | Shoals:3 | Killed Qunibeji's ghost
 25272 | Shoals:4 | Entered Level 4 of the Shoals
 25527 | Shoals:4 | Noticed a kraken
 25677 | Shoals:4 | Killed a kraken
 25690 | Shoals:4 | Got a barnacled rune of Zot
 25824 | Shoals:3 | Reached XP level 17. HP: 153/160 MP: 18/20
 26620 | Shoals:4 | Identified the +7 rapier of Disorder {vamp, *Slow rPois
                  | Will+ Dex+4}
 26835 | Spider:1 | Entered Level 1 of the Spider Nest
 28030 | Spider:2 | Noticed Arachne
 28032 | Spider:2 | Noticed Mlioglotl
 28042 | Spider:2 | Killed Mlioglotl
 28043 | Spider:2 | Reached skill level 18 in Fighting
 28052 | Spider:2 | Killed Arachne
 28337 | Spider:2 | Learned a level 6 spell: Death Channel
 28419 | Spider:2 | Found a transporter.
 28420 | Spider:2 | Found a transporter.
 28879 | Spider:3 | Reached skill level 16 in Dodging
 29550 | Spider:4 | Entered Level 4 of the Spider Nest
 29552 | Spider:4 | Reached XP level 18. HP: 173/173 MP: 21/21
 29798 | Spider:4 | Gained mutation: You are dopey. (Int -2) [mutagenic glow]
 29873 | Spider:4 | Reached skill level 10 in Necromancy
 30032 | Spider:4 | Found a frozen archway.
 30042 | IceCv    | Entered an ice cave
 30482 | IceCv    | Identified the +5 mace of Loqirgh {speed, Drain Dex+3 SInv}
 31627 | Spider:4 | Identified the +2 barding "Bojodig" {rElec Dex+4}
 31679 | Spider:4 | Got a gossamer rune of Zot
 32279 | Vaults:1 | Entered Level 1 of the Vaults
 32563 | Vaults:1 | Acquired the staff "Naen" {rN+ Int+4 Stlth+ Necro}
 33121 | Vaults:1 | You fall into a shaft and drop 1 floor!
 33419 | Vaults:2 | Noticed a bone dragon
 33423 | Vaults:2 | Reached XP level 19. HP: 183/183 MP: 22/22
 33437 | Vaults:2 | Killed a bone dragon
 33450 | Vaults:2 | Reached skill level 12 in Necromancy
 33527 | Vaults:2 | Found a staircase to the Crypt.
 33604 | Vaults:1 | Found a transporter.
 33608 | Vaults:1 | Noticed Lafiguk's ghost (adept OgCA)
 33618 | Vaults:1 | Noticed Takeo's ghost (adept DEIE)
 33635 | Vaults:1 | Found a transporter.
 33652 | Vaults:1 | Noticed Fieg's ghost (veteran HuWn)
 33978 | Vaults:1 | Found Qudiux's Antique Weapon Boutique.
 34280 | Vaults:1 | Found Zouf's Antique Weapon Shop.
 34389 | Vaults:1 | Found Voz Doi's Weapon Shop.
 35456 | Vaults:2 | Found the +5 glaive of the Guard {elec, spectral}
 35613 | Vaults:2 | Reached skill level 18 in Dodging
 35667 | Vaults:2 | Reached skill level 20 in Fighting
 35683 | Vaults:2 | Noticed Xtahua
 35687 | Vaults:2 | Killed Xtahua
 35973 | Vaults:2 | Found a runed translucent gate.
 35973 | Vaults:2 | Found a runed translucent gate.
 35973 | Vaults:2 | Found a runed translucent gate.
 35973 | Vaults:2 | Noticed Wiath's ghost (adept DrBr)
 35989 | Vaults:2 | Killed Wiath's ghost
 36029 | Vaults:2 | Got Nenkue Misoo's Compilation of the Smouldering Glacier
 36771 | Vaults:3 | Identified the +2 morningstar "Vaexaitz" {venom, rElec
                  | Will+}
 36937 | Vaults:3 | Found Zulun's Weapon Shop.
 37520 | Vaults:4 | Reached XP level 20. HP: 179/195 MP: 16/24
 37750 | Vaults:4 | Reached skill level 14 in Necromancy
 38010 | Vaults:4 | Paralysed by a formless jellyfish for 1 turns
 38350 | Vaults:4 | Got the Catalogue of Production
 38878 | Depths:1 | Entered Level 1 of the Depths
 38897 | Depths:1 | Identified the +0 scale mail of the Merchant {*Corrode rF+
                  | rC+ Str+5 Slay+2}
 39156 | Depths:1 | HP: 29/195 [ice dragon (4)]
 39160 | Depths:1 | Killed from afar by an ice dragon

Illustrated notes

Levels and vault maps discovered:
D:1:      dpeg_arrival_arbitrary_a, layout_basic, nicolae_houndstooth_variations
D:2:      layout_basic, st_stairs_5, nicolae_twisty_statue_hallways
D:3:      layout_loops_corners, nicolae_wu_jian_wuxing_cycle,
          cheibrodos_sewer_entry_bend, uniq_grinder
D:4:      layout_basic, serial_shops, shop, shop, nicolae_shop_advertising_works
          [nicolae_subvault_shop_adworks], shop
D:5:      layout_loops_ring
D:6:      lemuel_ice_spiral_2, layout_rooms, ebering_ghost_sewer_d
D:7:      layout_loops_ring, temple_hall
D:8:      layout_basic, serial_shops, shop, nicolae_shop_statue_plus,
          serial_demonic, serial_demonic_g, serial_demonic_f, serial_demonic_e,
          serial_demonic_a, solitary_fountain, grunt_ministairs_15,
          minmay_manual_mail
D:9:      minmay_polygon_palace, layout_cave_pools, minivault_23
D:10:     layout_irregular_city, lair_entry_dummy, david_orc_4, minivault_25_ag,
          minmay_misc_feat_room, minivault_13, uniq_sonja, uniq_snorg,
          uniq_josephine
D:11:     wad_crossroads, layout_loops_cross, fedhas_altar_fruit_tree, uniq_urug
D:12:     layout_long_grid, enter_trove_1, gauntlet_entry_generic
D:13:     minmay_the_grid_plus [minmay_the_grid_slots, minmay_the_grid_all_tris,
          minmay_the_grid_rooms, minmay_the_grid_mess,
          minmay_the_grid_prize_trominoes], layout_loops_ring
D:14:     layout_cave_pools, david_vaults_1, serial_shops, bzr_firewalk,
          serial_library_hellmonk_secret_room, evilmike_ruin_ashenzari,
          uniq_frances
D:15:     gammafunk_enter_depths_forms, layout_loops_ring, bloody_makhleb,
          dreamdust_mushroom_princess, uniq_louise
Temple:   roderic_octagonal_lattice_temple
Lair:1:   layout_gridlike, serial_bayou_shore_a, grunt_megastairs_2,
          infiniplex_staircase_pool
Lair:2:   layout_regular_city, nicolae_spider_entry_non_spiders, basic_altar,
          ldierk_geyser, grunt_forest_large_clearing_hut, uniq_harold,
          uniq_gastronok, uniq_maggie
Lair:3:   layout_long_grid, minmay_shoals_entry_beasts, grunt_megastairs_5
Lair:4:   kb_forest_paths, layout_regular_city, uniq_nessos
Lair:5:   hellmonk_lair_end_abyssal_woods, layout_regular_city, slime_entry_2
Shoals:1: dreamdust_from_the_deep, layout_shoals,
          nicolae_shoals_siren_and_animal_friends, uniq_kirke, uniq_aizul
Shoals:2: layout_shoals, uniq_polyphemus
Shoals:3: nicolae_shoals_offshore_bank_account, layout_shoals, serial_shops,
          shop_scrolls, ebering_ghost_disaster_area, uniq_ilsuiw
Shoals:4: shoals_end_hangedman, layout_shoals
Spider:1: layout_spider_delve, hangedman_spider_tarantella_strand
Spider:2: gammafunk_boulding_lane, uniq_arachne, uniq_mlioglotl
Spider:3: layout_spider_delve
Spider:4: johnstein_spider_rune_arachne_lair,
          portal_ice_cave_entry_pillars_three
Orc:1:    layout_caves
Orc:2:    grunt_orc_gardens, layout_caves, grunt_orc_garden, grunt_orc_garden,
          grunt_orc_garden, grunt_orc_garden, nooodl_orcs_dogs
Vaults:1: nzn_ghost_randoct, ontoclasm_vaults_eye,
          nicolae_vaults_trapezoid_layered,
          nicolae_vaults_windows_and_doors_thing, nicolae_vaults_shock_wave,
          nicolae_vaults_little_squares_3, v_misc_28, v_misc_8, serial_ice_m,
          nicolae_vaults_little_squares_6, layout_vaults_omnicross,
          serial_shops, nicolae_shop_crystal, shop, nicolae_shop_scrapyard
Vaults:2: ebering_ghost_rock_garden, nicolae_vaults_trapezoid_lopsided_1,
          vaults_mumra_chevron_long, grunt_vaults_diagonal, v_misc_1,
          minmay_crypt_entry_nasty_monster, hangedman_vaults_stitches,
          minmay_guarded_unrand_guard, ontoclasm_vaults_tryst, v_misc_29,
          nicolae_vaults_mitosis, nicolae_vaults_house_1,
          ontoclasm_vaults_fault, layout_vaults_omnibox, uniq_xtahua
Vaults:3: nicolae_vaults_apartment_1, nicolae_vaults_big_angled_halls,
          hangedman_vaults_stretched_pinwheel, vaults_room_fancy_cross,
          hangedman_vaults_stagger, nicolae_vaults_arrows,
          hangedman_vaults_variations, nicolae_vaults_tetromino_Z_2,
          grunt_vaults_hallway_long, vaults_room_fours,
          vaults_dpeg_encased_lava, layout_vaults_chaotic_city, serial_shops,
          nicolae_shop_rolling_square
Vaults:4: serial_library_hellmonk_narrow_alcove, nicolae_vaults_ninety_degrees,
          nicolae_vaults_shelves_hall, nicolae_vaults_network_star,
          nicolae_vaults_rhombus_6, nicolae_vaults_layer_cake_slice,
          layout_vaults_omnigrid
Depths:1: layout_cave_pools, hex_medium, grunt_hell_entry_dis_old,
          nicolae_elyvilon_peaceful_grove

Skill      XL: |  1  2  3  4  5  6  7  8  9 10 11 12 13 14 15 16 17 18 19 20 |
---------------+-------------------------------------------------------------+-----
Fighting       | 2 3 4 5 6 7 8 9 10 12 14 16 18 19 20 | 20.9
Dodging        | 2 3 4 5 6 7 8 9 11 12 13 14 16 17 18 19 | 19.1
Ranged Weapons | 4 5 6 7 8 9 12 14 16 17 18 20 | 20.0
Evocations     | 2 3 5 6 7 8 10 | 10.0
Stealth        | 4 |  4.2
Necromancy     | 1 6 9 11 13 14 | 14.4

Action                     |  1- 3 |  4- 6 |  7- 9 | 10-12 | 13-15 | 16-18 | 19-21 || total
---------------------------+-------+-------+-------+-------+-------+-------+-------++-------
  Melee: Unarmed           |       |       |       |       |       |     2 |       ||     2
   Fire: Shortbow          |   115 |   155 |   450 |       |       |       |       ||   720
         Longbow           |       |       |     2 |   323 |   924 |  1191 |   583 ||  3023
   Cast: Animate Dead      |       |       |       |       |       |     5 |     7 ||    12
         Death Channel     |       |       |       |       |       |     1 |     3 ||     4
Ability: Evoke Blink       |       |       |     3 |       |       |       |     1 ||     4
  Evoke: Wand              |       |       |     6 |     1 |     6 |       |     2 ||    15
         Condenser vane    |       |       |       |       |     1 |       |       ||     1
    Use: Scroll            |     4 |     1 |     9 |     8 |    11 |     8 |     3 ||    44
         Potion            |       |       |     2 |       |     2 |     1 |     2 ||     7
 Armour: Leather armour    |    15 |    10 |   140 |   112 |   208 |   272 |   132 ||   889
  Dodge: Dodged            |    11 |    25 |   220 |   198 |   668 |  1129 |   406 ||  2657
  Block: Other             |       |       |    56 |    47 |   165 |   238 |   107 ||   613
         Reflection        |       |       |     2 |     4 |     1 |       |       ||     7

Table legend: (Time is in decaauts)
 A = Elapsed time spent in this place.
 B = Non-inter-level travel time spent in this place.
 C = Inter-level travel time spent in this place.
 D = Time resting spent in this place.
 E = Time spent auto-exploring this place.
 F = Levels seen in this place.
 G = Mean time per level.
                   A        B        C        D        E       F      G
               +--------+--------+--------+--------+--------+-----+--------+
         Total |  40164 |  37359 |   2805 |   5998 |  23178 |  40 | 1004.1 |
       Dungeon |  14608 |  13390 |   1218 |   1984 |   8939 |  15 |  973.9 |
        Temple |      1 |      1 |      0 |      0 |      0 |   1 |    1.0 |
          Lair |   6920 |   6558 |    362 |   1161 |   4225 |   5 | 1384.0 |
        Shoals |   4234 |   3901 |    333 |    489 |   2315 |   4 | 1058.5 |
   Spider Nest |   4393 |   3929 |    464 |    960 |   1922 |   4 | 1098.2 |
  Orcish Mines |   1487 |   1348 |    139 |    127 |    908 |   2 |  743.5 |
        Vaults |   6448 |   6162 |    286 |    894 |   3918 |   4 | 1612.0 |
        Depths |    289 |    289 |      0 |      0 |    168 |   1 |  289.0 |
        Bazaar |     69 |     69 |      0 |      0 |     33 |   1 |   69.0 |
         Sewer |    477 |    477 |      0 |      0 |    298 |   1 |  477.0 |
      Ice Cave |    786 |    786 |      0 |    254 |    332 |   1 |  786.0 |
      Gauntlet |    445 |    445 |      0 |    127 |    119 |   1 |  445.0 |
               +--------+--------+--------+--------+--------+-----+--------+

Top non-repeatable levels by time:
     D:8: 2208 daAuts
Vaults:1: 1947 daAuts
Vaults:2: 1890 daAuts
Spider:4: 1634 daAuts
  Lair:2: 1490 daAuts
  Lair:3: 1453 daAuts
  Lair:5: 1438 daAuts
  Lair:4: 1397 daAuts
    D:10: 1376 daAuts
Shoals:4: 1366 daAuts
Vaults:4: 1312 daAuts
Vaults:3: 1298 daAuts
     D:9: 1184 daAuts
Shoals:3: 1162 daAuts
  Lair:1: 1140 daAuts
